 Dungeon Crawl Stone Soup version 0.15-a0-1224-g3833f9c (webtiles) character file.

2010 PolkaDot the Jinx (level 9, -10/57 HPs)
             Began as a Vampire Enchanter on June 1, 2014.
             Was an Initiate of Ashenzari.
             Mangled by an orc warrior
             ... wielding a +0,+0 trident
              (18 damage)
             ... on Level 7 of the Dungeon.
             The game lasted 00:35:47 (7532 turns).

PolkaDot the Jinx (Vampire Enchanter)               Turns: 7532, Time: 00:35:47

HP -10/57        AC  4     Str  7      XL: 9   Next:  2%
MP   8/14        EV 12     Int 19      God: Ashenzari [......]
Gold 194         SH  0     Dex 15      Spells:  4 memorised,  4 levels left

rFire  . . .     SeeInvis +     a - +2 dagger (curse)
rCold  + + .     Clarity  .     b - +1 robe (curse)
rNeg   + + +     rCorr    .     (no shield)
rPois  +         rRot     +     (no helmet)
rElec  .         Spirit   .     (no cloak)
SustAb .         Warding  .     e - +0 pair of gloves
rMut   .         Stasis   .     (no boots)
Gourm  .                        (no amulet)
MR     .....                    (no ring)
                                (no ring)

@: bloodless, non-regenerating, not resistant to hostile enchantments, very
stealthy
A: bottle blood, fangs 3, see invisible, unbreathing
a: Bat Form, Bottle Blood, Renounce Religion


You were on level 7 of the Dungeon.
You worshipped Ashenzari.
Ashenzari was noncommittal.
You were bloodless.

You visited 2 branches of the dungeon, and saw 8 of its levels.

You collected 194 gold pieces.

Inventory:

Hand weapons
 a - a cursed +2,+2 dagger (weapon)
Armour
 b - a cursed +1 robe (worn)
 e - a +0 pair of gloves (worn)
Magical devices
 l - a wand of disintegration (10)
Scrolls
 h - 2 scrolls of remove curse
 j - 2 scrolls of teleportation
 k - 2 scrolls of immolation
 m - 2 scrolls of blinking
 n - 2 scrolls of fog
 o - 3 scrolls of curse jewellery
 q - 2 scrolls of recharging
 t - a scroll of enchant armour {unknown}
 v - a scroll of fear {unknown}
 w - a scroll of random uselessness {unknown}
Potions
 i - 2 potions of heal wounds
 r - 2 potions of curing
 s - a potion of haste
 u - a potion of flight
Books
 c - a book of Maledictions

   Spells                             Type                      Level
   *Corona                            Hexes                        1
   *Sure Blade                        Hexes/Charms                 2
   *Ensorcelled Hibernation           Hexes/Ice                    2
   *Confuse                           Hexes                        3
   Dazzling Spray                     Conjuration/Hexes            3
   Enslavement                        Hexes                        4
 d - a book of Enchantments

   Spells                             Type                      Level
   Tukima's Dance                     Hexes                        3
   Cause Fear                         Hexes                        4
   Silence                            Hexes/Air                    5
   Deflect Missiles                   Charms/Air                   6
   Haste                              Charms                       6
   Discord                            Hexes                        8


   Skills:
 - Level 3.0 Short Blades
 - Level 2.1 Dodging
 + Level 9.9 Stealth
 - Level 2.0 Spellcasting
 * Level 12.0 Hexes
 + Level 5.4 Charms
 - Level 2.0 Ice Magic


You had 4 spell levels left.
You knew the following spells:

 Your Spells              Type           Power        Failure   Level  Hunger
a - Corona                Hex            #####..      1%          1    #......
b - Sure Blade            Hex/Chrm       #####.....   1%          2    ##.....
c - Confuse               Hex            #####...     1%          3    ####...
d - Ensorcelled Hibernat  Hex/Ice        ####..       1%          2    ##.....


Dungeon Overview and Level Annotations

Branches:
Dungeon (7/15)             Temple (1/1) D:5

Altars:
Ashenzari
Cheibriados
Dithmenos
Elyvilon
Fedhas
Gozag
Makhleb
Nemelex Xobeh
Okawaru
Qazlal
Sif Muna
Trog
Vehumet
Xom
Yredelemnul
Zin
The Shining One

Shops:
D:5 *:


Innate Abilities, Weirdness & Mutations

You do not heal naturally.
You can bottle blood from corpses.
You have razor-sharp teeth.*
You have supernaturally acute eyesight.
You can survive without breathing.*


Message History

The orc warrior misses you.
The orc priest mumbles some strange prayers to Beogh against you.
Something smites you!
Casting: Ensorcelled Hibernation
Confirm with . or Enter, or press ? or * to list all spells.
Aiming: Ensorcelled Hibernation
Press: ? - help, Shift-Dir - straight line, f/p - orc warrior
Aim: an orc warrior, wielding a trident and wearing a chain mail The orc warrior resists with significant effort.
The orc warrior hits you with a trident!
Casting: Ensorcelled Hibernation
Confirm with . or Enter, or press ? or * to list all spells.
Aiming: Ensorcelled Hibernation
Press: ? - help, Shift-Dir - straight line, f/p - orc warrior
Aim: an orc warrior, wielding a trident and wearing a chain mail The orc warrior resists with significant effort.
The orc priest hits you from afar with a trident!
* * * LOW HITPOINT WARNING * * *
The orc warrior hits you with a trident!!
You die...

# .. ... .+ .....
.. ... .# ... o#
...##o# . #'##o.#
#.# #.##@# #.#
#.##.# ##.# ##.##)#
##...## ##...#.#
#..##.####......#
#..##.....#...#.#
#..##.##...#.##.#
#....###.#..>%...
##.######...###.###


You could see an orc warrior, an orc priest and an orc.

Vanquished Creatures
  A water moccasin (D:6)
  An orc warrior (D:7)
  2 ice beasts (D:6)
  3 phantoms
  4 necrophages (D:6)
  3 giant frogs (D:6)
  A scorpion (D:6)
  A crimson imp (D:5)
  A hound (D:4)
  A jelly (D:6)
  5 orc wizards
  An orc priest (D:7)
  2 iguanas (D:4)
  2 centaur skeletons (D:4)
  4 worker ants
  A sky beast zombie (D:6)
  Ijyb (D:2)
  Jessica (D:3)
  An ogre skeleton (D:6)
  An orc zombie (D:6)
  5 adders
  A worm zombie (D:6)
  A giant mite (D:3)
  An orc skeleton (D:5)
  A shadow imp (D:6)
  4 worms
  A giant gecko (D:3)
  An ooze (D:5)
  24 orcs
  3 bats
  5 giant cockroaches
  13 goblins
  10 hobgoblins
  5 jackals
  7 quokkas
  A giant cockroach zombie (D:4)
  3 giant newts
  A hobgoblin zombie (D:6)
  A jackal skeleton (D:4)
  A jackal zombie (D:7)
  16 kobolds
  A kobold skeleton (D:4)
  2 kobold zombies
  5 rats
  A rat zombie (D:6)
151 creatures vanquished.

Vanquished Creatures (others)
  A gnoll sergeant (D:7)
  A scorpion (D:7)
  A hound (D:7)
  An adder (D:7)
  A worm (D:7)
  An orc (D:7)
  A kobold (D:7)
  2 bushes (D:6)
  4 plants (D:6)
13 creatures vanquished.

Grand Total: 164 creatures vanquished

Notes
Turn   | Place    | Note
--------------------------------------------------------------
     0 | D:1      | PolkaDot, the Vampire Enchanter, began the quest for the Orb.
     0 | D:1      | Reached XP level 1. HP: 13/13 MP: 3/3
   443 | D:1      | Reached XP level 2. HP: 8/19 MP: 2/4
   628 | D:1      | Learned a level 2 spell: Ensorcelled Hibernation
  1497 | D:2      | Noticed Ijyb
  1595 | D:2      | Killed Ijyb
  1595 | D:2      | Reached skill level 5 in Hexes
  1595 | D:2      | Reached skill level 1 in Ice Magic
  1595 | D:2      | Reached XP level 3. HP: 20/24 MP: 0/6
  1790 | D:2      | Learned a level 3 spell: Confuse
  1935 | D:2      | Found a burning altar of Makhleb.
  1938 | D:2      | Found a glowing silver altar of Zin.
  1941 | D:2      | Noticed a cacodemon
  1969 | D:2      | Noticed an angel
  2482 | D:2      | Reached XP level 4. HP: 30/30 MP: 2/7
  2636 | D:3      | Noticed Jessica
  2640 | D:3      | Killed Jessica
  2895 | D:3      | Reached skill level 5 in Stealth
  2895 | D:3      | Reached skill level 6 in Hexes
  2895 | D:3      | Reached XP level 5. HP: 32/35 MP: 3/9
  3253 | D:3      | Learned a level 2 spell: Sure Blade
  3526 | D:4      | Reached skill level 7 in Hexes
  3611 | D:4      | Reached skill level 1 in Charms
  3672 | D:4      | Found a bloodstained altar of Trog.
  3748 | D:4      | Reached XP level 6. HP: 26/41 MP: 6/10
  3865 | D:4      | Noticed a phantom
  3877 | D:4      | Killed a phantom
  3998 | D:4      | Noticed a phantom
  4084 | D:4      | Reached skill level 8 in Hexes
  4275 | D:4      | Killed a phantom
  4275 | D:4      | Reached XP level 7. HP: 43/46 MP: 3/12
  4590 | D:4      | Got a faintly glowing crystal plate armour
  4591 | D:4      | Identified the +8 crystal plate armour of Awe {Dex-3} (You found it on level 4 of the Dungeon)
  4675 | D:5      | Entered Level 5 of the Dungeon
  4748 | D:5      | Found Pnaixuaj's Book Boutique.
  4817 | D:5      | Found an opulent altar of Gozag.
  4817 | D:5      | Found Gozag's Platinum Reserve.
  4937 | D:5      | Found an iron altar of Okawaru.
  5043 | D:5      | Found a staircase to the Ecumenical Temple.
  5055 | Temple   | Entered the Ecumenical Temple
  5059 | Temple   | Became a worshipper of Ashenzari the Shackled
  5621 | D:6      | Found a glowing silver altar of Zin.
  5692 | D:6      | Reached skill level 9 in Hexes
  5767 | D:6      | Found a blossoming altar of Fedhas.
  6190 | D:6      | Reached skill level 10 in Hexes
  6300 | D:6      | Reached XP level 8. HP: 42/52 MP: 6/13
  6920 | D:6      | Reached skill level 11 in Hexes
  6941 | D:6      | Reached skill level 5 in Charms
  7217 | D:7      | Found a sparkling altar of Nemelex Xobeh.
  7427 | D:7      | Reached skill level 12 in Hexes
  7427 | D:7      | Reached XP level 9. HP: 43/57 MP: 14/14
  7532 | D:7      | Mangled by an orc warrior

Action                   |  1- 3 |  4- 6 |  7- 9 || total
-------------------------+-------+-------+-------++-------
Melee: Dagger            |    96 |   158 |   190 ||   444
 Cast: Corona            |    11 |     1 |       ||    12
       Ensorcelled Hiber |    23 |    30 |    50 ||   103
       Confuse           |       |    14 |     7 ||    21
Evoke: Wand              |       |       |     1 ||     1
  Use: Potion            |       |     6 |     1 ||     7
       Scroll            |       |       |    18 ||    18
 Stab: Sleeping          |    19 |    26 |    48 ||    93
       Confused          |       |     8 |     6 ||    14
       Distracted        |       |       |     2 ||     2
       Invisible         |       |       |     9 ||     9
